Saguenéens vs Demolitions
Created - March 17, 2018 at 19:04
Goals
|
| Saguenéens |
2 |
4 |
1 |
7 |
| Demolitions |
0 |
1 |
2 |
3 |
|
Shots
|
| Saguenéens |
10 |
27 |
12 |
49 |
| Demolitions |
13 |
9 |
8 |
30 |
|
1st period
1. Saguenéens , Craig Cunningham 14 (Rhett Rakhshani 18) at 2:34
2. Saguenéens , Nikita Kucherov 44 (Zac Rinaldo 61) at 13:26
Penalties :
Luke Witkowski (Chi) for Hooking (Minor) at 8:49
2nd period
3. Saguenéens , Teemu Pulkkinen 10 (Jerry D'Amigo 14, Jake McCabe 27) at 10:40
4. Saguenéens , Nikita Kucherov 45 (Mason Raymond 50, Brett Lebda 22) at 10:48
5. Saguenéens , Carson Mcmillan 30 (Zac Rinaldo 62) at 12:50 (PP)
6. Demolitions , Nicolas Blanchard 18 (Erik Condra 28, Bobby Butler 38) at 13:30
7. Saguenéens , Juraj Mikus 24 (Dalton Prout 11) at 15:03
Penalties :
Jack Skille (Vic) for Hooking (Minor) at 12:45, Danny DeKeiser (Vic) for Fighting (Major) at 13:31, Zac Rinaldo (Chi) for Fighting (Major) at 13:31, Mikko Lehtonen (Vic) for Fighting (Major) at 17:59, Carson Mcmillan (Chi) for Fighting (Major) at 17:59, Erik Condra (Vic) for Elbowing (Minor) at 18:28
3rd period
8. Demolitions , Ryan Bayda 29 (Bobby Butler 39) at 0:34
9. Saguenéens , Brett Lebda 11 (Mason Raymond 51, Dalton Prout 12) at 1:02 (PP)
10. Demolitions , Ryan Russell 11 (Taylor Aronson 5) at 3:41
Penalties :
Bobby Butler (Vic) for Hooking (Minor) at 0:45, Danny DeKeiser (Vic) for Fighting (Major) at 1:05, Dalton Prout (Chi) for Fighting (Major) at 1:05, Dalton Prout (Chi) for instigated a fight (Minor) at 1:05, Dalton Prout (Chi) for instigated a fight (10 Minutes Misconduct) at 1:05, Ryan Russell (Vic) for Cross-checking (Minor) at 6:02, Tanner Richard (Chi) for Holding (Minor) at 13:35, Luke Witkowski (Chi) for Hooking (Minor) at 18:59
Goalie Stats
Mike Smith (Chi), 27 saves from 30 shots - (0.900), W, 32-15-0, 60:00 minutes
Olivier Roy (Vic), 42 saves from 49 shots - (0.857), L, 12-17-4, 60:00 minutes
Players Stats for Saguenéens
Player Name G A P +/- PIM S H SB GA TA FO MP PP MP PK MP
------------------------------------------------------------------------------------
Brett Lebda 1 1 2 0 0 8 2 1 0 0 0/0 31:06 2:38 3:52
Brody Sutter 0 0 0 0 0 0 0 0 0 0 0/0 1:32 1:15 0:00
Carl Hagelin 0 0 0 -1 0 3 2 1 1 0 0/1 14:43 1:23 0:00
Carson Mcmillan 1 0 1 0 5 4 3 0 1 0 2/5 17:15 1:06 2:52
Craig Cunningham 1 0 1 1 0 5 2 0 1 0 0/0 12:03 0:05 1:43
Dalton Prout 0 2 2 2 17 2 3 2 0 0 0/0 25:33 1:57 1:16
Henrik Samuelsson 0 0 0 0 0 0 0 0 0 0 2/2 8:50 0:17 0:11
Jake McCabe 0 1 1 0 0 1 3 3 0 0 0/0 23:25 1:02 3:37
Jerry D'Amigo 0 1 1 0 0 0 0 0 1 0 0/0 8:36 0:05 0:00
Juraj Mikus 1 0 1 -1 0 5 0 0 1 0 7/15 14:43 1:23 0:00
Luke Witkowski 0 0 0 1 4 1 0 0 1 1 0/0 21:28 1:25 1:30
Mason Raymond 0 2 2 2 0 5 0 1 1 1 1/2 23:32 2:52 3:51
Mikhail Grigorenko 0 0 0 0 0 0 0 0 0 0 4/8 6:11 2:01 0:50
Nick Mattson 0 0 0 1 0 0 2 2 0 1 0/0 16:10 1:04 2:51
Nikita Kucherov 2 0 2 1 0 9 2 0 3 0 0/3 20:27 1:25 2:02
Rhett Rakhshani 0 1 1 1 0 2 3 0 0 0 1/2 11:51 0:00 1:50
Tanner Richard 0 0 0 1 2 1 2 1 0 0 6/8 10:03 0:00 0:00
Teemu Pulkkinen 1 0 1 0 0 2 0 0 0 0 0/0 8:28 0:00 0:09
Zac Rinaldo 0 2 2 2 5 1 1 0 0 0 11/34 17:01 1:42 1:14
Players Stats for Demolitions
Player Name G A P +/- PIM S H SB GA TA FO MP PP MP PK MP
------------------------------------------------------------------------------------
Aaron Palushaj 0 0 0 -1 0 1 0 0 0 0 1/1 11:13 0:00 0:00
Alex Hutchings 0 0 0 0 0 0 0 0 0 0 0/0 0:57 0:15 0:42
Andrej Nestrasil 0 0 0 1 0 3 1 0 0 0 0/3 6:35 0:00 0:00
Billy Sweat 0 0 0 0 0 0 1 0 0 0 0/0 2:01 1:51 0:00
Bobby Butler 0 2 2 0 2 1 1 0 0 0 0/0 25:05 4:07 2:44
Brandon McMillan 0 0 0 -1 0 1 0 0 0 1 2/7 11:13 0:00 0:00
Colton Sceviour 0 0 0 0 0 0 0 0 0 0 0/0 0:00 0:00 0:00
Corban Knight 0 0 0 -2 0 0 1 0 1 0 5/10 16:08 2:56 0:42
Danny DeKeiser 0 0 0 -1 10 2 0 3 0 3 0/0 26:47 3:23 3:15
Dmitri Orlov 0 0 0 -2 0 0 0 1 0 0 0/0 15:52 3:51 0:59
Erik Condra 0 1 1 0 2 0 2 0 1 0 5/6 22:39 3:59 0:38
Frazer Mclaren 0 0 0 -1 0 1 1 1 0 1 0/1 11:13 0:00 0:00
Jack Skille 0 0 0 -2 2 4 2 0 0 1 0/0 16:29 2:58 0:54
Jonathan Blum 0 0 0 -3 0 5 3 0 0 3 0/0 32:05 4:10 1:23
Josh Beaulieu 0 0 0 0 0 0 0 0 0 0 0/0 1:04 1:00 0:00
Mike Sauer 0 0 0 2 0 2 1 1 0 1 0/0 21:12 0:37 2:52
Mikko Lehtonen 0 0 0 1 5 0 0 0 0 0 1/1 6:34 0:00 0:00
Nicolas Blanchard 1 0 1 -1 0 2 3 0 0 0 28/43 21:47 3:45 0:00
Ryan Bayda 1 0 1 -1 0 3 1 0 0 0 4/8 15:49 0:00 3:00
Ryan Russell 1 0 1 1 2 4 3 0 1 0 0/0 6:48 0:00 0:00
Seth Helgeson 0 0 0 2 0 1 0 1 0 0 0/0 18:26 1:53 0:31
Taylor Aronson 0 1 1 -2 0 0 0 0 0 0 0/0 5:56 0:00 0:00
Thomas DiPauli 0 0 0 0 0 0 0 0 0 0 0/0 0:00 0:00 0:00
3 Stars
1 - Nikita Kucherov (Chi)
2 - Brett Lebda (Chi)
3 - Mason Raymond (Chi)
Power Play
Saguenéens - 2 on 4 Attempt(s) - 50.00%
Demolitions - 0 on 4 Attempt(s) - 0.00%
Penalty Kill
Saguenéens - 4 on 4 Attempt(s) - 100.00%
- Score 0 goal in Penalty Kill
Demolitions - 2 on 4 Attempt(s) - 50.00%
- Score 0 goal in Penalty Kill
Team Stat
Saguenéens - Hits : 25 - Faceoff Wins : 34 - Blocked Shots : 11 - Penalty Minutes : 33
Demolitions - Hits : 20 - Faceoff Wins : 46 - Blocked Shots : 7 - Penalty Minutes : 23
Official
Referees : Leggo Mike and Pollock Kevin
Linesman : Jay Sharrers and Greg Devorski
Game Notes
Zac Rinaldo beats up Danny DeKeiser at 13:31 of 2nd period
Carson Mcmillan beats up Mikko Lehtonen at 17:59 of 2nd period
Danny DeKeiser beats up Dalton Prout at 1:05 of 3rd period
Finance
Level 1 -- Attendance: 1561 (78.05%) -- Ticket Income $54,635
Level 2 -- Attendance: 688 (68.80%) -- Ticket Income $10,320
Total Attendance: 2249 (74.97%)
Total Ticket Income: $64,955
Other Income: $3,248
Total Income: $68,203
Saguenéens
5 vs 5 Forward
Center Left Wing Right Wing Time % Phy DF OF
1 Zac Rinaldo Mason Raymond Nikita Kucherov 40 1 2 2
2 Juraj Mikus Carl Hagelin Carson Mcmillan 30 1 2 2
3 Tanner Richard Craig Cunningham Rhett Rakhshani 20 1 2 2
4 Henrik Samuelsson Teemu Pulkkinen Jerry D'Amigo 10 1 2 2
5 vs 5 Defense
Defense Defense Time % Phy DF OF
1 Dalton Prout Brett Lebda 40 1 2 2
2 Luke Witkowski Jake McCabe 30 1 2 2
3 Nick Mattson Dalton Prout 20 1 2 2
4 Brett Lebda Luke Witkowski 10 1 2 2
PowerPlay Forward
Center Left Wing Right Wing Time % Phy DF OF
1 Zac Rinaldo Mason Raymond Carson Mcmillan 60 1 2 2
2 Juraj Mikus Carl Hagelin Nikita Kucherov 40 1 2 2
PowerPlay Defense
Defense Defense Time % Phy DF OF
1 Dalton Prout Brett Lebda 60 1 2 2
2 Luke Witkowski Jake McCabe 40 1 2 2
Penalty Kill 4 Players Forward
Center Wing Time % Phy DF OF
1 Carson Mcmillan Mason Raymond 60 1 2 2
2 Nikita Kucherov Zac Rinaldo 40 1 2 2
Penalty Kill 4 Players Defense
Defense Defense Time % Phy DF OF
1 Dalton Prout Brett Lebda 60 1 2 2
2 Luke Witkowski Jake McCabe 40 1 2 2
Penalty Kill - 3 Players Forward
Forward Time % Phy DF OF
1 Carson Mcmillan 60 1 2 2
2 Mason Raymond 40 1 2 2
Penalty Kill - 3 Players Defense
Defense Defense Time % Phy DF OF
1 Dalton Prout Brett Lebda 60 1 2 2
2 Luke Witkowski Jake McCabe 40 1 2 2
4 vs 4 Forward
Center Wing Time % Phy DF OF
1 Carson Mcmillan Mason Raymond 60 1 2 2
2 Nikita Kucherov Zac Rinaldo 40 1 2 2
4 vs 4 Defense
Defense Defense Time % Phy DF OF
1 Dalton Prout Brett Lebda 60 1 2 2
2 Luke Witkowski Jake McCabe 40 1 2 2
Last Minutes Offensive
Center Left Wing Right Wing Defense Defense
Zac Rinaldo Mason Raymond Carson Mcmillan Dalton Prout Brett Lebda
Last Minutes Defensive
Center Left Wing Right Wing Defense Defense
Zac Rinaldo Mason Raymond Carson Mcmillan Dalton Prout Brett Lebda
Goaltenders
Starting : Mike Smith
Backup : Martin Jones
Extra Forwards
Normal : Mikhail Grigorenko, Brody Sutter, Rhett Rakhshani - PP : Mikhail Grigorenko, Brody Sutter - PK : Rhett Rakhshani
Extra Defensemen
Normal : Nick Mattson, Jake McCabe, Dalton Prout - PP : Nick Mattson - PK : Jake McCabe, Dalton Prout
Penalty Shots
Carson Mcmillan, Mason Raymond, Nikita Kucherov, Zac Rinaldo, Carl Hagelin
Scratches
Patrick Sieloff (Healthy), Artur Gavrus (Healthy), Calle Andersson (Healthy), Nicholas Walters (Healthy), Garret Sparks (Healthy)
Demolitions
5 vs 5 Forward
Center Left Wing Right Wing Time % Phy DF OF
1 Nicolas Blanchard Bobby Butler Erik Condra 60 0 0 5
2 Corban Knight Ryan Bayda Jack Skille 24 0 0 5
3 Brandon McMillan Frazer Mclaren Aaron Palushaj 12 0 0 5
4 Andrej Nestrasil Ryan Russell Mikko Lehtonen 4 0 0 5
5 vs 5 Defense
Defense Defense Time % Phy DF OF
1 Danny DeKeiser Jonathan Blum 64 0 0 5
2 Seth Helgeson Mike Sauer 25 0 0 5
3 Danny DeKeiser Taylor Aronson 6 0 0 5
4 Jonathan Blum Dmitri Orlov 5 0 0 5
PowerPlay Forward
Center Left Wing Right Wing Time % Phy DF OF
1 Nicolas Blanchard Bobby Butler Erik Condra 70 0 0 5
2 Corban Knight Bobby Butler Jack Skille 30 0 0 5
PowerPlay Defense
Defense Defense Time % Phy DF OF
1 Danny DeKeiser Jonathan Blum 70 0 0 5
2 Danny DeKeiser Dmitri Orlov 30 0 0 5
Penalty Kill 4 Players Forward
Center Wing Time % Phy DF OF
1 Ryan Bayda Bobby Butler 60 1 2 2
2 Erik Condra Jack Skille 40 1 2 2
Penalty Kill 4 Players Defense
Defense Defense Time % Phy DF OF
1 Mike Sauer Danny DeKeiser 60 1 2 2
2 Mike Sauer Jonathan Blum 40 1 2 2
Penalty Kill - 3 Players Forward
Forward Time % Phy DF OF
1 Ryan Bayda 60 1 2 2
2 Bobby Butler 40 1 2 2
Penalty Kill - 3 Players Defense
Defense Defense Time % Phy DF OF
1 Mike Sauer Danny DeKeiser 60 1 2 2
2 Seth Helgeson Mike Sauer 40 1 2 2
4 vs 4 Forward
Center Wing Time % Phy DF OF
1 Ryan Bayda Bobby Butler 60 1 2 2
2 Erik Condra Jack Skille 40 1 2 2
4 vs 4 Defense
Defense Defense Time % Phy DF OF
1 Jonathan Blum Danny DeKeiser 60 1 2 2
2 Dmitri Orlov Seth Helgeson 40 1 2 2
Last Minutes Offensive
Center Left Wing Right Wing Defense Defense
Nicolas Blanchard Ryan Bayda Erik Condra Dmitri Orlov Jonathan Blum
Last Minutes Defensive
Center Left Wing Right Wing Defense Defense
Nicolas Blanchard Ryan Bayda Erik Condra Mike Sauer Danny DeKeiser
Goaltenders
Starting : Olivier Roy
Backup : Joe Cannata
Extra Forwards
Normal : Billy Sweat, Josh Beaulieu, Bobby Butler - PP : Billy Sweat, Josh Beaulieu - PK : Bobby Butler
Extra Defensemen
Normal : Dmitri Orlov, Mike Sauer, Seth Helgeson - PP : Dmitri Orlov - PK : Danny DeKeiser, Seth Helgeson
Penalty Shots
Ryan Bayda, Bobby Butler, Erik Condra, Jack Skille, Mikko Lehtonen
Scratches
Ryan Olsen (Healthy), Derek Forbort (Strained Right Elbow Injury), Robert Bortuzzo (Right Forearm Injury), Taylor Leier (Healthy), Mitchell Moroz (Healthy)
Cameron Schilling (Bruised Left Leg Injury), Jake Paterson (Healthy), Jussi Rynnas (Healthy)
% Time on Ice - Saguenéens
Lines # - Real PCT - Wanted PCT - Time Play
Normal Forward
1 - 35% - 40% - 17:05
2 - 27% - 30% - 13:20
3 - 21% - 20% - 10:01
4 - 17% - 10% - 8:17
Normal Defense
1 - 41% - 40% - 20:09
2 - 26% - 30% - 12:52
3 - 25% - 20% - 12:09
4 - 7% - 10% - 3:33
PP Forward
1 - 68% - 60% - 2:57
2 - 32% - 40% - 1:23
PP Defense
1 - 91% - 60% - 3:56
2 - 9% - 40% - 0:24
PK Forward
1 - 82% - 60% - 5:43
2 - 18% - 40% - 1:14
PK Defense
1 - 68% - 60% - 4:44
2 - 32% - 40% - 2:13
PK3 Forward
1 - 0% - 60%
2 - 0% - 40%
PK3 Defense
1 - 0% - 60%
2 - 0% - 40%
44 Forward
1 - 0% - 60%
2 - 0% - 40%
44 Defense
1 - 0% - 60%
2 - 0% - 40%
Last Minute Offensive - 0:00
Last Minute Defensive - 0:00
Total
Forward - 60:00
Defense - 60:00
|
% Time on Ice - Demolitions
Lines # - Real PCT - Wanted PCT - Time Play
Normal Forward
1 - 38% - 60% - 18:25
2 - 26% - 24% - 12:30
3 - 23% - 12% - 11:13
4 - 14% - 4% - 6:35
Normal Defense
1 - 44% - 64% - 21:21
2 - 32% - 25% - 15:45
3 - 12% - 6% - 5:56
4 - 12% - 5% - 5:41
PP Forward
1 - 58% - 70% - 4:01
2 - 42% - 30% - 2:56
PP Defense
1 - 78% - 70% - 5:26
2 - 22% - 30% - 1:31
PK Forward
1 - 79% - 60% - 3:26
2 - 21% - 40% - 0:54
PK Defense
1 - 78% - 60% - 3:22
2 - 22% - 40% - 0:58
PK3 Forward
1 - 0% - 60%
2 - 0% - 40%
PK3 Defense
1 - 0% - 60%
2 - 0% - 40%
44 Forward
1 - 0% - 60%
2 - 0% - 40%
44 Defense
1 - 0% - 60%
2 - 0% - 40%
Last Minute Offensive - 0:00
Last Minute Defensive - 0:00
Total
Forward - 60:00
Defense - 60:00
|
Play by Play
1st period
0:01 of 1st period - Zac Rinaldo wins face-off versus Nicolas Blanchard in neutral zone.
0:48 of 1st period - Snap shot by Ryan Bayda.
0:48 of 1st period - Shot Misses the Net.
0:50 of 1st period - Slapshot by Jonathan Blum.
0:50 of 1st period - Stopped by Mike Smith without a rebound.
0:51 of 1st period - Tanner Richard wins face-off versus Brandon McMillan in Saguenéens zone.
1:01 of 1st period - Frazer Mclaren is hit by Craig Cunningham and loses puck.
1:16 of 1st period - Luke Witkowski is hit by Mike Sauer and loses puck.
1:58 of 1st period - Off-side.
1:59 of 1st period - Juraj Mikus wins face-off versus Brandon McMillan in neutral zone.
2:06 of 1st period - Snap shot by Juraj Mikus.
2:06 of 1st period - Stopped by Olivier Roy with a rebound.
2:10 of 1st period - Snap shot by Juraj Mikus.
2:10 of 1st period - Shot Misses the Net.
2:12 of 1st period - Snap shot by Dalton Prout.
2:12 of 1st period - Stopped by Olivier Roy with a rebound.
2:14 of 1st period - Wrist shot by Carson Mcmillan.
2:14 of 1st period - Shot Blocked by Frazer Mclaren.
2:34 of 1st period - Snap shot by Craig Cunningham.
2:34 of 1st period - Goal by Craig Cunningham - Saguenéens : 1 - Demolitions : 0.
2:35 of 1st period - Nicolas Blanchard wins face-off versus Zac Rinaldo in neutral zone.
2:38 of 1st period - Snap shot by Bobby Butler.
2:38 of 1st period - Shot Misses the Net.
3:26 of 1st period - Henrik Samuelsson is hit by Andrej Nestrasil and loses puck.
3:56 of 1st period - Brett Lebda is hit by Bobby Butler and loses puck.
4:12 of 1st period - Off-side.
4:13 of 1st period - Tanner Richard wins face-off versus Frazer Mclaren in neutral zone.
4:33 of 1st period - Off-side.
4:34 of 1st period - Nicolas Blanchard wins face-off versus Zac Rinaldo in neutral zone.
4:59 of 1st period - Ryan Bayda is hit by Carl Hagelin and loses puck.
5:08 of 1st period - Snap shot by Ryan Bayda.
5:08 of 1st period - Shot Blocked by Jake McCabe.
5:10 of 1st period - Wrist shot by Ryan Bayda.
5:10 of 1st period - Shot Blocked by Carl Hagelin.
5:24 of 1st period - Slapshot by Brandon McMillan.
5:24 of 1st period - Shot Hit the Post.
5:32 of 1st period - Slapshot by Jonathan Blum.
5:32 of 1st period - Shot Misses the Net.
6:03 of 1st period - Off-side.
6:04 of 1st period - Mikko Lehtonen wins face-off versus Tanner Richard in neutral zone.
6:07 of 1st period - Snap shot by Ryan Russell.
6:07 of 1st period - Shot Misses the Net.
6:09 of 1st period - Slapshot by Mike Sauer.
6:09 of 1st period - Shot Blocked by Nick Mattson.
6:11 of 1st period - Backhand shot by Mike Sauer.
6:11 of 1st period - Deflect By Andrej Nestrasil.
6:11 of 1st period - Shot Misses the Net.
6:11 of 1st period - Puck is out of play.
6:12 of 1st period - Nicolas Blanchard wins face-off versus Zac Rinaldo in Saguenéens zone.
6:27 of 1st period - Wrist shot by Mason Raymond.
6:27 of 1st period - Stopped by Olivier Roy with a rebound.
6:37 of 1st period - Mike Sauer is hit by Rhett Rakhshani and loses puck.
7:06 of 1st period - Wrist shot by Jack Skille.
7:06 of 1st period - Stopped by Mike Smith with a rebound.
7:08 of 1st period - Wrist shot by Jack Skille.
7:08 of 1st period - Shot Misses the Net.
7:10 of 1st period - Slapshot by Mike Sauer.
7:10 of 1st period - Stopped by Mike Smith with a rebound.
7:12 of 1st period - Slapshot by Mike Sauer.
7:12 of 1st period - Shot Misses the Net.
7:24 of 1st period - Snap shot by Aaron Palushaj.
7:24 of 1st period - Stopped by Mike Smith with a rebound.
7:26 of 1st period - Snap shot by Danny DeKeiser.
7:26 of 1st period - Stopped by Mike Smith with a rebound.
7:28 of 1st period - Slapshot by Jonathan Blum.
7:28 of 1st period - Shot Blocked by Dalton Prout.
7:30 of 1st period - Slapshot by Danny DeKeiser.
7:30 of 1st period - Deflect By Aaron Palushaj.
7:30 of 1st period - Shot Misses the Net.
7:30 of 1st period - Puck is out of play.
7:31 of 1st period - Corban Knight wins face-off versus Zac Rinaldo in Saguenéens zone.
7:46 of 1st period - Wrist shot by Nikita Kucherov.
7:46 of 1st period - Shot Misses the Net.
7:56 of 1st period - Craig Cunningham is hit by Ryan Russell and loses puck.
8:00 of 1st period - Icing by Luke Witkowski.
8:01 of 1st period - Tanner Richard wins face-off versus Andrej Nestrasil in Saguenéens zone.
8:08 of 1st period - Backhand shot by Ryan Russell.
8:08 of 1st period - Stopped by Mike Smith with a rebound.
8:14 of 1st period - Craig Cunningham is hit by Ryan Russell and loses puck.
8:23 of 1st period - Ryan Russell is hit by Tanner Richard and loses puck.
8:38 of 1st period - Wrist shot by Andrej Nestrasil.
8:38 of 1st period - Stopped by Mike Smith with a rebound.
8:40 of 1st period - Slapshot by Jonathan Blum.
8:40 of 1st period - Stopped by Mike Smith with a rebound.
8:42 of 1st period - Wrist shot by Danny DeKeiser.
8:42 of 1st period - Deflect By Andrej Nestrasil.
8:42 of 1st period - Stopped by Mike Smith with a rebound.
8:44 of 1st period - Wrist shot by Danny DeKeiser.
8:44 of 1st period - Stopped by Mike Smith without a rebound.
8:45 of 1st period - Nicolas Blanchard wins face-off versus Nikita Kucherov in Saguenéens zone.
8:49 of 1st period - Minor Penalty to Luke Witkowski for Hooking.
8:50 of 1st period - Nicolas Blanchard wins face-off versus Carson Mcmillan in Saguenéens zone.
8:56 of 1st period - Snap shot by Erik Condra.
8:56 of 1st period - Deflect By Bobby Butler.
8:56 of 1st period - Shot Misses the Net.
8:56 of 1st period - Puck is out of play.
8:57 of 1st period - Erik Condra wins face-off versus Carson Mcmillan in Saguenéens zone.
10:16 of 1st period - Josh Beaulieu is hit by Craig Cunningham and loses puck.
10:31 of 1st period - Slapshot by Nikita Kucherov.
10:31 of 1st period - Stopped by Olivier Roy with a rebound.
10:49 of 1st period - Penalty to Luke Witkowski is over, Luke Witkowski is back on ice.
10:57 of 1st period - Wrist shot by Brandon McMillan.
10:57 of 1st period - Stopped by Mike Smith without a rebound.
10:58 of 1st period - Henrik Samuelsson wins face-off versus Brandon McMillan in Saguenéens zone.
11:09 of 1st period - Slapshot by Henrik Samuelsson.
11:09 of 1st period - Shot Misses the Net.
11:11 of 1st period - Slapshot by Luke Witkowski.
11:11 of 1st period - Stopped by Olivier Roy without a rebound.
11:12 of 1st period - Nicolas Blanchard wins face-off versus Mason Raymond in Demolitions zone.
12:22 of 1st period - Slapshot by Brett Lebda.
12:22 of 1st period - Stopped by Olivier Roy without a rebound.
12:23 of 1st period - Nicolas Blanchard wins face-off versus Zac Rinaldo in Demolitions zone.
12:27 of 1st period - Off-side.
12:28 of 1st period - Nicolas Blanchard wins face-off versus Zac Rinaldo in neutral zone.
12:34 of 1st period - Icing by Luke Witkowski.
12:35 of 1st period - Zac Rinaldo wins face-off versus Nicolas Blanchard in Saguenéens zone.
12:48 of 1st period - Wrist shot by Nikita Kucherov.
12:48 of 1st period - Stopped by Olivier Roy with a rebound.
13:26 of 1st period - Slapshot by Nikita Kucherov.
13:26 of 1st period - Goal by Nikita Kucherov - Saguenéens : 2 - Demolitions : 0.
13:27 of 1st period - Juraj Mikus wins face-off versus Corban Knight in neutral zone.
13:40 of 1st period - Slapshot by Mike Sauer.
13:40 of 1st period - Deflect By Ryan Bayda.
13:40 of 1st period - Stopped by Mike Smith with a rebound.
13:42 of 1st period - Wrist shot by Mike Sauer.
13:42 of 1st period - Shot Misses the Net.
13:52 of 1st period - Frazer Mclaren is hit by Dalton Prout and loses puck.
14:35 of 1st period - Seth Helgeson is hit by Dalton Prout and loses puck.
14:54 of 1st period - Icing by Mason Raymond.
14:55 of 1st period - Corban Knight wins face-off versus Zac Rinaldo in Saguenéens zone.
15:10 of 1st period - Snap shot by Jack Skille.
15:10 of 1st period - Stopped by Mike Smith with a rebound.
15:42 of 1st period - Snap shot by Aaron Palushaj.
15:42 of 1st period - Shot Blocked by Tanner Richard.
15:47 of 1st period - Off-side.
15:48 of 1st period - Nicolas Blanchard wins face-off versus Juraj Mikus in neutral zone.
15:53 of 1st period - Wrist shot by Erik Condra.
15:53 of 1st period - Shot Misses the Net.
16:25 of 1st period - Snap shot by Rhett Rakhshani.
16:25 of 1st period - Deflect By Craig Cunningham.
16:25 of 1st period - Stopped by Olivier Roy without a rebound.
16:26 of 1st period - Corban Knight wins face-off versus Zac Rinaldo in Demolitions zone.
19:02 of 1st period - Backhand shot by Ryan Bayda.
19:02 of 1st period - Shot Misses the Net.
19:12 of 1st period - Wrist shot by Mikko Lehtonen.
19:12 of 1st period - Shot Misses the Net.
Goals for this period are 2 for Saguenéens vs 0 for Demolitions.
Shots for this period are 10 for Saguenéens vs 13 for Demolitions.
2nd period
0:01 of 2nd period - Nicolas Blanchard wins face-off versus Zac Rinaldo in neutral zone.
0:26 of 2nd period - Wrist shot by Carl Hagelin.
0:26 of 2nd period - Stopped by Olivier Roy with a rebound.
0:28 of 2nd period - Wrist shot by Juraj Mikus.
0:28 of 2nd period - Shot Misses the Net.
0:30 of 2nd period - Slapshot by Carson Mcmillan.
0:30 of 2nd period - Shot Misses the Net.
0:32 of 2nd period - Snap shot by Carson Mcmillan.
0:32 of 2nd period - Shot Misses the Net.
0:34 of 2nd period - Snap shot by Carson Mcmillan.
0:34 of 2nd period - Stopped by Olivier Roy without a rebound.
0:35 of 2nd period - Nicolas Blanchard wins face-off versus Zac Rinaldo in Demolitions zone.
0:42 of 2nd period - Snap shot by Mason Raymond.
0:42 of 2nd period - Stopped by Olivier Roy with a rebound.
0:44 of 2nd period - Wrist shot by Nikita Kucherov.
0:44 of 2nd period - Stopped by Olivier Roy with a rebound.
0:48 of 2nd period - Wrist shot by Nikita Kucherov.
0:48 of 2nd period - Stopped by Olivier Roy with a rebound.
0:50 of 2nd period - Slapshot by Brett Lebda.
0:50 of 2nd period - Stopped by Olivier Roy with a rebound.
0:57 of 2nd period - Icing by Nicolas Blanchard.
0:58 of 2nd period - Juraj Mikus wins face-off versus Corban Knight in Demolitions zone.
1:06 of 2nd period - Icing by Mike Sauer.
1:07 of 2nd period - Corban Knight wins face-off versus Zac Rinaldo in Demolitions zone.
1:36 of 2nd period - Slapshot by Juraj Mikus.
1:36 of 2nd period - Shot Misses the Net.
1:44 of 2nd period - Snap shot by Jack Skille.
1:44 of 2nd period - Shot Misses the Net.
2:22 of 2nd period - Slapshot by Teemu Pulkkinen.
2:22 of 2nd period - Shot Misses the Net.
3:04 of 2nd period - Snap shot by Bobby Butler.
3:04 of 2nd period - Shot Blocked by Jake McCabe.
3:10 of 2nd period - Bobby Butler is hit by Carson Mcmillan and loses puck.
3:23 of 2nd period - Wrist shot by Frazer Mclaren.
3:23 of 2nd period - Deflect By Aaron Palushaj.
3:23 of 2nd period - Shot Misses the Net.
3:23 of 2nd period - Puck is out of play.
3:24 of 2nd period - Tanner Richard wins face-off versus Brandon McMillan in Saguenéens zone.
4:02 of 2nd period - Snap shot by Craig Cunningham.
4:02 of 2nd period - Stopped by Olivier Roy without a rebound.
4:03 of 2nd period - Zac Rinaldo wins face-off versus Nicolas Blanchard in Demolitions zone.
4:08 of 2nd period - Snap shot by Mason Raymond.
4:08 of 2nd period - Shot Misses the Net.
4:35 of 2nd period - Slapshot by Brett Lebda.
4:35 of 2nd period - Shot Blocked by Danny DeKeiser.
4:51 of 2nd period - Andrej Nestrasil is hit by Carl Hagelin.
5:33 of 2nd period - Snap shot by Rhett Rakhshani.
5:33 of 2nd period - Shot Misses the Net.
5:35 of 2nd period - Wrist shot by Rhett Rakhshani.
5:35 of 2nd period - Deflect By Craig Cunningham.
5:35 of 2nd period - Shot Blocked by Dmitri Orlov.
5:35 of 2nd period - Puck is out of play.
5:36 of 2nd period - Tanner Richard wins face-off versus Andrej Nestrasil in Demolitions zone.
5:55 of 2nd period - Snap shot by Rhett Rakhshani.
5:55 of 2nd period - Stopped by Olivier Roy without a rebound.
5:56 of 2nd period - Nicolas Blanchard wins face-off versus Nikita Kucherov in Demolitions zone.
6:11 of 2nd period - Snap shot by Nikita Kucherov.
6:11 of 2nd period - Stopped by Olivier Roy without a rebound.
6:12 of 2nd period - Nicolas Blanchard wins face-off versus Carl Hagelin in Demolitions zone.
6:20 of 2nd period - Off-side.
6:21 of 2nd period - Juraj Mikus wins face-off versus Nicolas Blanchard in neutral zone.
6:26 of 2nd period - Slapshot by Brett Lebda.
6:26 of 2nd period - Shot Misses the Net.
6:28 of 2nd period - Slapshot by Brett Lebda.
6:28 of 2nd period - Stopped by Olivier Roy with a rebound.
6:30 of 2nd period - Wrist shot by Juraj Mikus.
6:30 of 2nd period - Shot Misses the Net.
6:32 of 2nd period - Slapshot by Dalton Prout.
6:32 of 2nd period - Shot Misses the Net.
6:34 of 2nd period - Snap shot by Brett Lebda.
6:34 of 2nd period - Stopped by Olivier Roy with a rebound.
6:44 of 2nd period - Carl Hagelin is hit by Nicolas Blanchard and loses puck.
6:53 of 2nd period - Snap shot by Juraj Mikus.
6:53 of 2nd period - Stopped by Olivier Roy without a rebound.
6:54 of 2nd period - Zac Rinaldo wins face-off versus Corban Knight in Demolitions zone.
6:57 of 2nd period - Wrist shot by Mason Raymond.
6:57 of 2nd period - Deflect By Zac Rinaldo.
6:57 of 2nd period - Stopped by Olivier Roy with a rebound.
7:09 of 2nd period - Wrist shot by Mason Raymond.
7:09 of 2nd period - Shot Misses the Net.
7:29 of 2nd period - Off-side.
7:30 of 2nd period - Nicolas Blanchard wins face-off versus Zac Rinaldo in neutral zone.
7:39 of 2nd period - Icing by Brett Lebda.
7:40 of 2nd period - Nicolas Blanchard wins face-off versus Zac Rinaldo in Saguenéens zone.
7:43 of 2nd period - Slapshot by Bobby Butler.
7:43 of 2nd period - Shot Misses the Net.
7:48 of 2nd period - Icing by Brett Lebda.
7:49 of 2nd period - Erik Condra wins face-off versus Zac Rinaldo in Saguenéens zone.
8:00 of 2nd period - Wrist shot by Nicolas Blanchard.
8:00 of 2nd period - Stopped by Mike Smith without a rebound.
8:01 of 2nd period - Zac Rinaldo wins face-off versus Nicolas Blanchard in Saguenéens zone.
8:10 of 2nd period - Wrist shot by Nikita Kucherov.
8:10 of 2nd period - Stopped by Olivier Roy with a rebound.
8:33 of 2nd period - Danny DeKeiser is hit by Carson Mcmillan.
8:49 of 2nd period - Frazer Mclaren is hit by Rhett Rakhshani and loses puck.
9:04 of 2nd period - Frazer Mclaren is hit by Nick Mattson and loses puck.
9:23 of 2nd period - Slapshot by Seth Helgeson.
9:23 of 2nd period - Deflect By Mason Raymond.
9:23 of 2nd period - Stopped by Mike Smith with a rebound.
9:25 of 2nd period - Slapshot by Mike Sauer.
9:25 of 2nd period - Stopped by Mike Smith with a rebound.
9:40 of 2nd period - Carl Hagelin is hit by Jonathan Blum and loses puck.
9:58 of 2nd period - Off-side.
9:59 of 2nd period - Henrik Samuelsson wins face-off versus Corban Knight in neutral zone.
10:02 of 2nd period - Slapshot by Brett Lebda.
10:02 of 2nd period - Shot Blocked by Danny DeKeiser.
10:40 of 2nd period - Wrist shot by Teemu Pulkkinen.
10:40 of 2nd period - Deflect By Jack Skille.
10:40 of 2nd period - Goal by Teemu Pulkkinen - Saguenéens : 3 - Demolitions : 0.
10:41 of 2nd period - Zac Rinaldo wins face-off versus Nicolas Blanchard in neutral zone.
10:46 of 2nd period - Snap shot by Mason Raymond.
10:46 of 2nd period - Shot Misses the Net.
10:48 of 2nd period - Slapshot by Nikita Kucherov.
10:48 of 2nd period - Goal by Nikita Kucherov - Saguenéens : 4 - Demolitions : 0.
10:49 of 2nd period - Nicolas Blanchard wins face-off versus Zac Rinaldo in neutral zone.
10:56 of 2nd period - Danny DeKeiser is hit by Nikita Kucherov and loses puck.
11:21 of 2nd period - Jonathan Blum is hit by Carson Mcmillan and loses puck.
11:42 of 2nd period - Snap shot by Rhett Rakhshani.
11:42 of 2nd period - Stopped by Olivier Roy without a rebound.
11:43 of 2nd period - Zac Rinaldo wins face-off versus Nicolas Blanchard in Demolitions zone.
11:56 of 2nd period - Luke Witkowski is hit by Jonathan Blum and loses puck.
12:14 of 2nd period - Wrist shot by Carl Hagelin.
12:14 of 2nd period - Stopped by Olivier Roy with a rebound.
12:45 of 2nd period - Minor Penalty to Jack Skille for Hooking.
12:46 of 2nd period - Zac Rinaldo wins face-off versus Ryan Bayda in Demolitions zone.
12:48 of 2nd period - Snap shot by Zac Rinaldo.
12:48 of 2nd period - Shot Misses the Net.
12:50 of 2nd period - Snap shot by Carson Mcmillan.
12:50 of 2nd period - Goal by Carson Mcmillan - Saguenéens : 5 - Demolitions : 0.
12:51 of 2nd period - Nicolas Blanchard wins face-off versus Zac Rinaldo in neutral zone.
13:17 of 2nd period - Carson Mcmillan is hit by Ryan Bayda and loses puck.
13:24 of 2nd period - Snap shot by Corban Knight.
13:24 of 2nd period - Deflect By Jack Skille.
13:24 of 2nd period - Shot Blocked by Dalton Prout.
13:24 of 2nd period - Puck is out of play.
13:25 of 2nd period - Nicolas Blanchard wins face-off versus Juraj Mikus in Saguenéens zone.
13:28 of 2nd period - Snap shot by Erik Condra.
13:28 of 2nd period - Shot Misses the Net.
13:30 of 2nd period - Wrist shot by Nicolas Blanchard.
13:30 of 2nd period - Goal by Nicolas Blanchard - Saguenéens : 5 - Demolitions : 1.
13:31 of 2nd period - Zac Rinaldo wins face-off versus Erik Condra in neutral zone.
13:31 of 2nd period - Zac Rinaldo beats up Danny DeKeiser.
13:31 of 2nd period - Penalty to Danny DeKeiser for Fighting.
13:31 of 2nd period - Penalty to Zac Rinaldo for Fighting.
13:32 of 2nd period - Nicolas Blanchard wins face-off versus Mikhail Grigorenko in neutral zone.
13:59 of 2nd period - Dmitri Orlov is hit by Dalton Prout and loses puck.
14:24 of 2nd period - Wrist shot by Tanner Richard.
14:24 of 2nd period - Stopped by Olivier Roy with a rebound.
14:26 of 2nd period - Wrist shot by Craig Cunningham.
14:26 of 2nd period - Stopped by Olivier Roy without a rebound.
14:27 of 2nd period - Mikhail Grigorenko wins face-off versus Nicolas Blanchard in Demolitions zone.
14:28 of 2nd period - Snap shot by Nikita Kucherov.
14:28 of 2nd period - Shot Misses the Net.
14:36 of 2nd period - Nick Mattson is hit by Nicolas Blanchard and loses puck.
14:41 of 2nd period - Snap shot by Bobby Butler.
14:41 of 2nd period - Shot Blocked by Mason Raymond.
14:43 of 2nd period - Slapshot by Taylor Aronson.
14:43 of 2nd period - Shot Misses the Net.
15:03 of 2nd period - Slapshot by Juraj Mikus.
15:03 of 2nd period - Goal by Juraj Mikus - Saguenéens : 6 - Demolitions : 1.
15:04 of 2nd period - Mikhail Grigorenko wins face-off versus Nicolas Blanchard in neutral zone.
15:07 of 2nd period - Nicolas Blanchard is hit by Nikita Kucherov and loses puck.
15:16 of 2nd period - Wrist shot by Mason Raymond.
15:16 of 2nd period - Stopped by Olivier Roy with a rebound.
15:18 of 2nd period - Slapshot by Brett Lebda.
15:18 of 2nd period - Shot Misses the Net.
15:20 of 2nd period - Snap shot by Mason Raymond.
15:20 of 2nd period - Stopped by Olivier Roy without a rebound.
15:21 of 2nd period - Erik Condra wins face-off versus Juraj Mikus in Demolitions zone.
15:26 of 2nd period - Snap shot by Juraj Mikus.
15:26 of 2nd period - Stopped by Olivier Roy without a rebound.
15:27 of 2nd period - Nicolas Blanchard wins face-off versus Juraj Mikus in Demolitions zone.
15:41 of 2nd period - Off-side.
15:42 of 2nd period - Nicolas Blanchard wins face-off versus Mikhail Grigorenko in neutral zone.
16:07 of 2nd period - Carl Hagelin is hit by Jack Skille and loses puck.
16:12 of 2nd period - Snap shot by Jack Skille.
16:12 of 2nd period - Stopped by Mike Smith with a rebound.
16:50 of 2nd period - Nikita Kucherov is hit by Ryan Russell and loses puck.
16:59 of 2nd period - Slapshot by Mikko Lehtonen.
16:59 of 2nd period - Shot Misses the Net.
17:01 of 2nd period - Slapshot by Dmitri Orlov.
17:01 of 2nd period - Deflect By Ryan Russell.
17:01 of 2nd period - Stopped by Mike Smith without a rebound.
17:02 of 2nd period - Nicolas Blanchard wins face-off versus Juraj Mikus in Saguenéens zone.
17:03 of 2nd period - Snap shot by Bobby Butler.
17:03 of 2nd period - Stopped by Mike Smith with a rebound.
17:13 of 2nd period - Snap shot by Carson Mcmillan.
17:13 of 2nd period - Shot Misses the Net.
17:29 of 2nd period - Snap shot by Jack Skille.
17:29 of 2nd period - Stopped by Mike Smith with a rebound.
17:54 of 2nd period - Wrist shot by Andrej Nestrasil.
17:54 of 2nd period - Shot Misses the Net.
17:56 of 2nd period - Wrist shot by Ryan Russell.
17:56 of 2nd period - Deflect By Mikko Lehtonen.
17:56 of 2nd period - Shot Misses the Net.
17:56 of 2nd period - Puck is out of play.
17:57 of 2nd period - Juraj Mikus wins face-off versus Andrej Nestrasil in Saguenéens zone.
17:59 of 2nd period - Carson Mcmillan beats up Mikko Lehtonen.
17:59 of 2nd period - Penalty to Mikko Lehtonen for Fighting.
17:59 of 2nd period - Penalty to Carson Mcmillan for Fighting.
18:00 of 2nd period - Erik Condra wins face-off versus Nikita Kucherov in neutral zone.
18:03 of 2nd period - Slapshot by Jonathan Blum.
18:03 of 2nd period - Stopped by Mike Smith without a rebound.
18:04 of 2nd period - Mikhail Grigorenko wins face-off versus Nicolas Blanchard in Saguenéens zone.
18:04 of 2nd period - Mikhail Grigorenko is hit by Nicolas Blanchard.
18:28 of 2nd period - Minor Penalty to Erik Condra for Elbowing.
18:29 of 2nd period - Mikhail Grigorenko wins face-off versus Ryan Bayda in Demolitions zone.
18:30 of 2nd period - Snap shot by Mason Raymond.
18:30 of 2nd period - Stopped by Olivier Roy without a rebound.
18:31 of 2nd period - Penalty to Danny DeKeiser is over, Danny DeKeiser is back on ice.
18:31 of 2nd period - Ryan Bayda wins face-off versus Mikhail Grigorenko in Demolitions zone.
18:37 of 2nd period - Icing by Brett Lebda.
18:38 of 2nd period - Ryan Bayda wins face-off versus Mikhail Grigorenko in Saguenéens zone.
19:35 of 2nd period - Slapshot by Brett Lebda.
19:35 of 2nd period - Stopped by Olivier Roy without a rebound.
19:36 of 2nd period - Corban Knight wins face-off versus Juraj Mikus in Demolitions zone.
19:36 of 2nd period - Corban Knight is hit by Jake McCabe.
Goals for this period are 4 for Saguenéens vs 1 for Demolitions.
Shots for this period are 27 for Saguenéens vs 9 for Demolitions.
3rd period
0:01 of 3rd period - Ryan Bayda wins face-off versus Zac Rinaldo in neutral zone.
0:10 of 3rd period - Snap shot by Zac Rinaldo.
0:10 of 3rd period - Shot Misses the Net.
0:12 of 3rd period - Slapshot by Mason Raymond.
0:12 of 3rd period - Shot Misses the Net.
0:14 of 3rd period - Wrist shot by Zac Rinaldo.
0:14 of 3rd period - Shot Blocked by Danny DeKeiser.
0:16 of 3rd period - Snap shot by Mason Raymond.
0:16 of 3rd period - Shot Misses the Net.
0:28 of 3rd period - Penalty to Erik Condra is over, Erik Condra is back on ice.
0:34 of 3rd period - Wrist shot by Ryan Bayda.
0:34 of 3rd period - Goal by Ryan Bayda - Saguenéens : 6 - Demolitions : 2.
0:35 of 3rd period - Zac Rinaldo wins face-off versus Nicolas Blanchard in neutral zone.
0:45 of 3rd period - Minor Penalty to Bobby Butler for Hooking.
0:46 of 3rd period - Ryan Bayda wins face-off versus Zac Rinaldo in Demolitions zone.
0:52 of 3rd period - Slapshot by Brett Lebda.
0:52 of 3rd period - Stopped by Olivier Roy with a rebound.
0:54 of 3rd period - Snap shot by Mason Raymond.
0:54 of 3rd period - Shot Misses the Net.
1:00 of 3rd period - Slapshot by Brett Lebda.
1:00 of 3rd period - Shot Misses the Net.
1:02 of 3rd period - Wrist shot by Brett Lebda.
1:02 of 3rd period - Goal by Brett Lebda - Saguenéens : 7 - Demolitions : 2.
1:03 of 3rd period - Nicolas Blanchard wins face-off versus Zac Rinaldo in neutral zone.
1:05 of 3rd period - Danny DeKeiser beats up Dalton Prout.
1:05 of 3rd period - Penalty to Danny DeKeiser for Fighting.
1:05 of 3rd period - Penalty to Dalton Prout for Fighting.
1:05 of 3rd period - Penalty to Dalton Prout for instigated a fight.
1:05 of 3rd period - Penalty to Dalton Prout for instigated a fight.
1:06 of 3rd period - Rhett Rakhshani wins face-off versus Nicolas Blanchard in Saguenéens zone.
1:24 of 3rd period - Rhett Rakhshani is hit by Erik Condra and loses puck.
2:43 of 3rd period - Rhett Rakhshani is hit by Erik Condra.
2:59 of 3rd period - Penalty to Carson Mcmillan is over, Carson Mcmillan is back on ice.
3:05 of 3rd period - Penalty to Dalton Prout is over, Nikita Kucherov is send on ice.
3:06 of 3rd period - Icing by Dmitri Orlov.
3:07 of 3rd period - Nicolas Blanchard wins face-off versus Juraj Mikus in Demolitions zone.
3:07 of 3rd period - Nicolas Blanchard is hit by Brett Lebda.
3:30 of 3rd period - Henrik Samuelsson is hit by Frazer Mclaren and loses puck.
3:41 of 3rd period - Snap shot by Ryan Russell.
3:41 of 3rd period - Goal by Ryan Russell - Saguenéens : 7 - Demolitions : 3.
3:42 of 3rd period - Erik Condra wins face-off versus Zac Rinaldo in neutral zone.
4:10 of 3rd period - Slapshot by Jake McCabe.
4:10 of 3rd period - Stopped by Olivier Roy without a rebound.
4:11 of 3rd period - Juraj Mikus wins face-off versus Corban Knight in Demolitions zone.
4:38 of 3rd period - Nicolas Blanchard is hit by Zac Rinaldo and loses puck.
5:12 of 3rd period - Wrist shot by Rhett Rakhshani.
5:12 of 3rd period - Shot Misses the Net.
5:24 of 3rd period - Snap shot by Andrej Nestrasil.
5:24 of 3rd period - Shot Blocked by Brett Lebda.
5:32 of 3rd period - Slapshot by Andrej Nestrasil.
5:32 of 3rd period - Shot Misses the Net.
5:46 of 3rd period - Wrist shot by Carl Hagelin.
5:46 of 3rd period - Stopped by Olivier Roy with a rebound.
5:48 of 3rd period - Wrist shot by Juraj Mikus.
5:48 of 3rd period - Stopped by Olivier Roy with a rebound.
5:50 of 3rd period - Wrist shot by Carl Hagelin.
5:50 of 3rd period - Deflect By Carson Mcmillan.
5:50 of 3rd period - Stopped by Olivier Roy with a rebound.
5:52 of 3rd period - Slapshot by Brett Lebda.
5:52 of 3rd period - Stopped by Olivier Roy with a rebound.
5:54 of 3rd period - Slapshot by Brett Lebda.
5:54 of 3rd period - Shot Blocked by Mike Sauer.
5:56 of 3rd period - Snap shot by Brett Lebda.
5:56 of 3rd period - Shot Misses the Net.
6:02 of 3rd period - Minor Penalty to Ryan Russell for Cross-checking.
6:03 of 3rd period - Mason Raymond wins face-off versus Ryan Bayda in Demolitions zone.
6:05 of 3rd period - Penalty to Danny DeKeiser is over, Danny DeKeiser is back on ice.
8:02 of 3rd period - Penalty to Ryan Russell is over, Ryan Russell is back on ice.
8:15 of 3rd period - Snap shot by Ryan Bayda.
8:15 of 3rd period - Stopped by Mike Smith without a rebound.
8:16 of 3rd period - Brandon McMillan wins face-off versus Rhett Rakhshani in Saguenéens zone.
8:27 of 3rd period - Dmitri Orlov is hit by Jake McCabe and loses puck.
8:42 of 3rd period - Jerry D'Amigo is hit by Jonathan Blum and loses puck.
9:23 of 3rd period - Carson Mcmillan is hit by Corban Knight and loses puck.
9:43 of 3rd period - Snap shot by Craig Cunningham.
9:43 of 3rd period - Stopped by Olivier Roy without a rebound.
9:44 of 3rd period - Aaron Palushaj wins face-off versus Tanner Richard in Demolitions zone.
9:44 of 3rd period - Aaron Palushaj is hit by Nick Mattson.
10:12 of 3rd period - Wrist shot by Carson Mcmillan.
10:12 of 3rd period - Stopped by Olivier Roy with a rebound.
10:14 of 3rd period - Slapshot by Brett Lebda.
10:14 of 3rd period - Deflect By Carson Mcmillan.
10:14 of 3rd period - Shot Blocked by Seth Helgeson.
10:14 of 3rd period - Puck is out of play.
10:15 of 3rd period - Nicolas Blanchard wins face-off versus Carson Mcmillan in Demolitions zone.
10:45 of 3rd period - Corban Knight is hit by Jake McCabe and loses puck.
10:50 of 3rd period - Wrist shot by Nikita Kucherov.
10:50 of 3rd period - Stopped by Olivier Roy with a rebound.
11:00 of 3rd period - Danny DeKeiser is hit by Tanner Richard.
11:08 of 3rd period - Wrist shot by Mikko Lehtonen.
11:08 of 3rd period - Deflect By Ryan Russell.
11:08 of 3rd period - Stopped by Mike Smith with a rebound.
11:44 of 3rd period - Icing by Mike Sauer.
11:45 of 3rd period - Brandon McMillan wins face-off versus Juraj Mikus in Demolitions zone.
12:00 of 3rd period - Wrist shot by Brandon McMillan.
12:00 of 3rd period - Shot Misses the Net.
12:02 of 3rd period - Backhand shot by Frazer Mclaren.
12:02 of 3rd period - Stopped by Mike Smith without a rebound.
12:03 of 3rd period - Nicolas Blanchard wins face-off versus Zac Rinaldo in Saguenéens zone.
12:16 of 3rd period - Wrist shot by Bobby Butler.
12:16 of 3rd period - Shot Misses the Net.
12:29 of 3rd period - Icing by Jake McCabe.
12:30 of 3rd period - Juraj Mikus wins face-off versus Ryan Bayda in Saguenéens zone.
12:34 of 3rd period - Off-side.
12:35 of 3rd period - Nicolas Blanchard wins face-off versus Zac Rinaldo in neutral zone.
13:20 of 3rd period - Seth Helgeson is hit by Rhett Rakhshani and loses puck.
13:35 of 3rd period - Minor Penalty to Tanner Richard for Holding.
13:36 of 3rd period - Carson Mcmillan wins face-off versus Nicolas Blanchard in Saguenéens zone.
14:10 of 3rd period - Danny DeKeiser is hit by Brett Lebda.
14:16 of 3rd period - Jake McCabe is hit by Jack Skille and loses puck.
14:39 of 3rd period - Wrist shot by Erik Condra.
14:39 of 3rd period - Shot Blocked by Nick Mattson.
15:25 of 3rd period - Nikita Kucherov is hit by Billy Sweat.
15:35 of 3rd period - Penalty to Tanner Richard is over, Tanner Richard is back on ice.
16:02 of 3rd period - Icing by Seth Helgeson.
16:03 of 3rd period - Tanner Richard wins face-off versus Brandon McMillan in Demolitions zone.
16:05 of 3rd period - 10 Minutes Misconduct Penalty to Dalton Prout is over.
16:22 of 3rd period - Wrist shot by Frazer Mclaren.
16:22 of 3rd period - Shot Misses the Net.
16:34 of 3rd period - Slapshot by Jonathan Blum.
16:34 of 3rd period - Stopped by Mike Smith without a rebound.
16:35 of 3rd period - Nicolas Blanchard wins face-off versus Zac Rinaldo in Saguenéens zone.
16:48 of 3rd period - Wrist shot by Mason Raymond.
16:48 of 3rd period - Shot Misses the Net.
17:06 of 3rd period - Snap shot by Carson Mcmillan.
17:06 of 3rd period - Shot Misses the Net.
17:26 of 3rd period - Snap shot by Andrej Nestrasil.
17:26 of 3rd period - Stopped by Mike Smith with a rebound.
18:12 of 3rd period - Wrist shot by Teemu Pulkkinen.
18:12 of 3rd period - Stopped by Olivier Roy with a rebound.
18:14 of 3rd period - Slapshot by Teemu Pulkkinen.
18:14 of 3rd period - Shot Misses the Net.
18:30 of 3rd period - Wrist shot by Jonathan Blum.
18:30 of 3rd period - Stopped by Mike Smith with a rebound.
18:52 of 3rd period - Slapshot by Dalton Prout.
18:52 of 3rd period - Stopped by Olivier Roy without a rebound.
18:53 of 3rd period - Zac Rinaldo wins face-off versus Nicolas Blanchard in Demolitions zone.
18:59 of 3rd period - Minor Penalty to Luke Witkowski for Hooking.
19:00 of 3rd period - Carson Mcmillan wins face-off versus Nicolas Blanchard in Saguenéens zone.
19:15 of 3rd period - Snap shot by Nicolas Blanchard.
19:15 of 3rd period - Shot Blocked by Jake McCabe.
Goals for this period are 1 for Saguenéens vs 2 for Demolitions.
Shots for this period are 12 for Saguenéens vs 8 for Demolitions.
Back to the Top